 Dungeon Crawl Stone Soup version 0.28.0-62-gf88900778d (webtiles) character file.

Game seed: 10348431853506373433

105 Coron the Sneak (level 4, -3/44 HPs)
             Began as a Deep Dwarf Delver on Apr 2, 2023.
             Was a Follower of Uskayaw.
             Slain by Sigmund
             ... wielding a +0 scythe
              (11 damage)
             ... on level 2 of the Dungeon.
             The game lasted 00:07:44 (1833 turns).

Coron the Sneak (Deep Dwarf Delver)                 Turns: 1833, Time: 00:07:45

Health: -3/44      AC:  4    Str: 17    XL:     4   Next: 53%
Magic:  3/3        EV: 12    Int: 11    God:    Uskayaw [*.....]
Gold:   110        SH:  0    Dex: 14    Spells: 3/3 levels left

rFire   . . .      SeeInvis .   a - +0 hand axe
rCold   . . .      Faith    .   (no shield)
rNeg    . . .      Spirit   .   b - +0 leather armour
rPois   .          Reflect  .   (no helmet)
rElec   .          Harm     .   (no cloak)
rCorr   .          Rampage  .   l - +0 pair of gloves
Will    .....                   (no boots)
Stlth   +++.......              (no amulet)
HPRegen 0.00/turn               p - ring of wizardry
MPRegen 0.08/turn               (no ring)

@: no status effects
A: damage resistance, heal wounds, sense surroundings 1, no regeneration
a: Heal Wounds, Renounce Religion, Stomp


You were on level 2 of the Dungeon.
You worshipped Uskayaw.
Uskayaw was noncommittal.
You visited 1 branch of the dungeon, and saw 5 of its levels.

You collected 110 gold pieces.

Inventory:

Hand Weapons
 a - a +0 hand axe (weapon)
Missiles
 o - 4 stones (quivered)
Armour
 b - a +0 leather armour (worn)
 l - a +0 pair of gloves (worn)
Jewellery
 p - a ring of wizardry (left hand)
Wands
 g - a wand of digging (3)
Scrolls
 c - a scroll of fog
 d - 2 scrolls of magic mapping
 e - 2 scrolls of fear
 h - a scroll of summoning {unknown}
 i - a scroll of enchant armour {unknown}
 j - a scroll of silence {unknown}
 n - a scroll of identify {unknown}
Potions
 f - a potion of haste
 k - a potion of brilliance {unknown}
 m - a potion of mutation {unknown}


   Skills:
 + Level 3.7 Fighting
 - Level 3.0 Axes
 - Level 2.0 Armour
 - Level 3.0 Dodging
 - Level 6.0 Stealth


You had 3 spell levels left.
You didn't know any spells.
Your spell library was empty.

Dungeon Overview and Level Annotations

Branches:
Dungeon (5/15)
 Temple: D:4-7

Altars:
Uskayaw

Annotations:
D:2 Sigmund


Innate Abilities, Weirdness & Mutations

You are resistant to damage.
You can heal yourself by infusing magical energy.
You passively map a small area around you.
You do not regenerate.


Message History

The worm is heavily wounded.
The worm bites you.
You hit the worm.
The worm is heavily wounded.
The worm bites you but does no damage.
You can now stomp with the beat.
You slash the worm!
You kill the worm!
You see here a worm corpse.
You start resting.
Magic restored.
You see here a worm corpse.
A bat comes into view.
Found a stone staircase leading down.
A bat is nearby!
The helpless bat fails to defend itself.
You hit the bat.
You kill the bat!
Sigmund the Dreaded comes into view.
He is wielding a +0 scythe.
Sigmund shouts!
Sigmund gestures at you while chanting.
You are confused.
You see here a bat corpse.
You bump into the rock wall.
Sigmund casts a spell.
Sigmund flickers and vanishes!
Deactivating autopickup; reactivate with Ctrl-A.
Unknown command.
You bump into the rock wall.
You feel less confused. Something hits you!
There is a stone staircase leading down here.
You hit something but do no damage. Something hits you!
* * * LOW HITPOINT WARNING * * *
You miss something. Something hits you.
You closely miss something. You closely miss something. Something hits you.
* * * LOW HITPOINT WARNING * * *
You hit something. Something hits you!
You die...

, , * , #.., , #.#
,* * #.# , * , , #.#
*.## # , , * * #.#
*..# .# * ## , #.#
*#.#*.# .## #{#
#.##.# ..## ,. ,*
#@####..#.# *> ...#
....###.†.......###.
...+ ,
..................'.
...#,,
.##.########...####
..## , , #..## .##
*, * #.## ,,. ## * *
, #.# .. # , * #.#
########' ##.#
#..,..##.


There were no monsters in sight!

Vanquished Creatures
  3 gnolls
  4 adders
  2 worms (D:2)
  2 dart slugs (D:1)
  3 endoplasms
  6 goblins
  A hobgoblin (D:1)
  2 quokkas (D:1)
  A ball python (D:1)
  5 bats
  3 frilled lizards (D:1)
  A kobold (D:2)
  2 rats (D:1)
35 creatures vanquished.

Notes
Turn   | Place    | Note
-------+----------+-------------------------------------------
     0 | D:5      | Coron the Deep Dwarf Delver began the quest for the Orb.
     0 | D:5      | Reached XP level 1. HP: 20/20 MP: 1/1
     7 | D:4      | Noticed an ogre
    14 | D:4      | Noticed an iguana
    42 | D:3      | Reached XP level 2. HP: 22/27 MP: 2/2
   469 | D:1      | Reached XP level 3. HP: 22/34 MP: 3/3
   968 | D:2      | Reached skill level 1 in Armour
  1286 | D:2      | Reached XP level 4. HP: 38/42 MP: 3/3
  1731 | D:2      | Found a faded altar of an unknown god.
  1735 | D:2      | Prayed at the altar of an unknown god.
  1735 | D:2      | Became a worshipper of Uskayaw the Reveller
  1735 | D:2      | Reached * piety under Uskayaw
  1746 | D:2      | Reached ** piety under Uskayaw
  1822 | D:2      | Noticed Sigmund
  1833 | D:2      | Slain by Sigmund

Illustrated notes

Levels and vault maps discovered:
D:1:      doesnt_arrival_eight_statues, layout_basic
D:2:      layout_loops_corners, ebering_ecumenical_altar_webs, kennysheep_boxes,
          uniq_sigmund
D:3:      layout_rooms, fedhas_altar_3, minmay_quantized
D:4:      layout_cave_pools
D:5:      kennysheep_steamy, layout_loops_ring, nicolae_overflow_squiral,
          water_boxes_lemuel

Skill      XL: |  1  2  3 |
---------------+----------+-----
Fighting       | 3 |  3.7
Dodging        | 3 |  3.0
Axes           | 3 |  3.0
Armour         | 2 |  2.0
Stealth        | |  6.0

Action                   |  1- 3 |  4- 6 || total
-------------------------+-------+-------++-------
Melee: Hand axe          |    87 |    43 ||   130
       Punch             |     1 |       ||     1
Throw: Stone             |       |     4 ||     4
Invok: Stomp             |       |     1 ||     1
 Abil: Heal Wounds       |     2 |       ||     2
 Stab: Sleeping          |     5 |     2 ||     7
       Distracted        |     1 |       ||     1
Armor: Leather armour    |    28 |     6 ||    34
Dodge: Dodged            |    68 |    15 ||    83
